[Event "St Kilda East and Caulfield Chess Club RAPID Term 3, 2025"]
[Site "st kilda east, Australia"]
[Date "2025.07.21"]
[Round "1.5"]
[White "Yong, Leonard"]
[Black "O'Connor, Alistair"]
[Result "1-0"]
[TimeControl "13 minutes per game plus 2 seconds from move 1"]
[WhiteElo "368"]
[BlackElo "1000"]

1. e4 e6 2. Nf3 d5 3. d3 Nc6 4. Nc3 Nf6 5. Be3 d4 6. Nxd4 Nxd4 7. Bxd4 Qxd4 8. Be2 Bc5 9. O-O O-O 10. Nb5 Qd8 11. d4 Bb6 12. e5 Nd5 13. Bc4 c6 14. Nd6 Bc7 15. Ne4 b5 16. Bd3 Nf4 17. Qf3 Nxd3 18. Qxd3 Qd5 19. Rfe1 Rd8 20. c3 a5 21. Qg3 Kf8 22. Qh4 h6 23. Nd6 Rxd6 24. exd6 Qxd6 25. Re4 Bb7 26. Rae1 Qe7 27. Qh5 c5 28. d5 Bxd5 29. Qxd5 exd5 30. Rxe7 Bd6 31. Rd7 Rb8 32. Rxd6 b4 33. cxb4 axb4 34. b3 c4 35. Rxd5 c3 36. Rc5 Ra8 37. Re2 Rd8 38. g3 Rd1+ 39. Kg2 Rb1 40. Rc8# 1-0

[Event "St Kilda East and Caulfield Chess Club RAPID Term 3, 2025"]
[Site "st kilda east, Australia"]
[Date "2025.07.21"]
[Round "1.2"]
[White "Karboulahanos, Kris"]
[Black "Shore, Isaac"]
[Result "1-0"]
[TimeControl "13 minutes per game plus 2 seconds from move 1"]
[WhiteElo "1147"]
[BlackElo "521"]

1. d4 f5 2. c4 Nf6 3. Nc3 g6 4. e3 Bg7 5. Bd3 d6 6. Nge2 e5 7. f4 Nbd7 8. O-O b6 9. dxe5 dxe5 10. fxe5 Nxe5 11. Bc2 Ba6 12. Ba4+ c6 13. Nd4 Bxc4 14. Nxc6 Qxd1 15. Rxd1 Nxc6 16. Bxc6+ Kf7 17. Bxa8 Rxa8 18. b3 Ne4 19. Rd7+ Kf8 20. Ba3+ Kg8 21. bxc4 Bxc3 22. Rad1 Bf6 23. Be7 Bxe7 24. Rxe7 Nc3 25. Rdd7 a5 26. Rxh7 Ne4 27. Rdg7+ Kf8 28. Rxg6 Re8 29. Rxb6 Rd8 30. Rh8+ Ke7 31. Rxd8 Kxd8 32. Ra6 Nc3 33. Rxa5 Kc7 34. h4 Kb6 35. Rxf5 Nxa2 36. h5 Nc3 37. h6 1-0

[Event "St Kilda East and Caulfield Chess Club RAPID Term 3, 2025"]
[Site "st kilda east, Australia"]
[Date "2025.07.21"]
[Round "1.1"]
[White "Cukierman, David"]
[Black "Rosenberger, Oliver"]
[Result "0-1"]
[TimeControl "13 minutes per game plus 2 seconds from move 1"]
[WhiteElo "551"]
[BlackElo "1675"]

1. e4 d6 2. Nf3 Nf6 3.
Nc3 Bg4 4. Be2 c6 5. O-O e6 6. d4 Be7 7. e5 dxe5 8. Nxe5 Bxe2 9. Qxe2 Qxd4 10. Bg5 O-O 11. Rad1 Qb6 12. b3 h6 13. Na4 Qa5 14. Nc4 Qxg5 15. f4 Qg4 16. Qe5 Nbd7 17. Qc7 b5 18. Ne5 Nxe5 19. fxe5 bxa4 20. exf6 Bxf6 21. Rd3 axb3 22. Rg3 Qd4+ 23. Kh1 bxa2 24. c3 Qe4 25. h3 Qb1 26. Qa5 Qxf1+ 27. Kh2 a1=Q 28. Qxa1 Qxa1 0-1

[Event "St Kilda East and Caulfield Chess Club RAPID Term 3, 2025"]
[Site "st kilda east, Australia"]
[Date "2025.07.21"]
[Round "1.4"]
[White "Bambridge, Greg"]
[Black "Kave, Gideon"]
[Result "1-0"]
[TimeControl "13 minutes per game plus 2 seconds from move 1"]
[WhiteElo "1081"]
[BlackElo "427"]

1. e4 e5 2. Nf3 Nc6 3. d4 f5 4. exf5 d6 5. dxe5 dxe5 6. Qxd8+ Nxd8 7. Nxe5 Bxf5 8. Bc4 Ne6 9. O-O O-O-O 10. Nf7 Rd4 11. Bb3 Nf6 12. Nxh8 Bc5 13. Be3 Rg4 14. Nc3 Ne4 15. Nxe4 Bxe4 16. Bxe6+ Kd8 17. Bxg4 Bd6 18. Nf7+ Ke7 19. Nxd6 cxd6 20. Rfe1 Kf6 21. Bxa7 d5 22. c4 d4 23. Rxe4 d3 24. Rd4 b6 25. Rd1 d2 26. R1xd2 b5 27. Rd7 Kg6 28. Bd4 bxc4 29. h4 Kh6 30. Bxg7+ Kg6 31. R2d6# 1-0

[Event "St Kilda East and Caulfield Chess Club RAPID Term 3, 2025"]
[Site "st kilda east, Australia"]
[Date "2025.07.21"]
[Round "2.3"]
[White "Lopata, Felix"]
[Black "Longe, Mathieu"]
[Result "1/2-1/2"]
[TimeControl "13 minutes per game plus 2 seconds from move 1"]
[WhiteElo "1088"]
[BlackElo "699"]

1. d4 d5 2. c4 c6 3. Nc3 Nf6 4.
cxd5 cxd5 5. Nf3 Nc6 6. Bg5 Bg4 7. e3 e6 8. Bd3 h6 9. Bf4 Bd6 10. Bxd6 Qxd6 11. h3 Bh5 12. O-O O-O 13.
Be2 Bxf3 14. Bxf3 a5 15. Rc1 a4 16. a3 Qd7 17. Nxa4 Qd8 18. Nc5 Qc7 19. Re1 b6 20. Nd3 Qd6 21.
Re2 Na5 22. Nb4 Nc4 23. Rxc4 dxc4 24. Bxa8 Rxa8 25. e4 Qf4 26. e5 Nd5 27. Nxd5 exd5 28. Re3 b5 29. Rf3 Qe4 30. Re3 Qf5 31.
Rg3 Re8 32. Qd2 Kh7 33. Rf3 Qe6 34. Qf4 Rf8 35. Kh2 Qb6 36. Qf5+ Kg8 37. Qf4 b4 38. axb4 Qxb4 39. e6 Qe7 40.
exf7+ Rxf7 41. Qb8+ Rf8 42. Rxf8+ Qxf8 43. Qb5 Qd6+ 44. g3 Qe6 45. h4 Qe4 46. Qc5 Kh7 47. h5 Qf5 48. g4 Qxf2+ 49. Kh3 Qf3+ 50. Kh4 Qf2+ 51. Kh3 Qf3+ 1/2-1/2

[Event "St Kilda East and Caulfield Chess Club RAPID Term 3, 2025"]
[Site "st kilda east, Australia"]
[Date "2025.07.21"]
[Round "2.4"]
[White "Nash, Paul"]
[Black "Bambridge, Greg"]
[Result "0-1"]
[TimeControl "13 minutes per game plus 2 seconds from move 1"]
[WhiteElo "730"]
[BlackElo "1081"]

1. e4 e5 2. Nf3 f5 3. Nxe5 Qf6 4.
Qh5+ g6 5. Nxg6 hxg6 6. Qf3 Nc6 7. Nc3 d6 8. Bc4 Ne5 9. Qe2 Be6 10. Bxe6 Qxe6 11. Nd5 O-O-O 12. d4 Nc6 13. c3 Nf6 14. Nxf6 Qxf6 15. Qf3 Bg7 16.
g3 Rhe8 17. O-O Rxe4 18. h4 Rde8 19. Bg5 Qf8 20. Qd3 Bh6 21. Qd2 f4 22. Bxh6 Qxh6 23. Rae1 Rxe1 24. Rxe1 Rxe1+ 25. Qxe1 fxg3 26.
fxg3 Nd8 27. d5 Qf8 28. Qe4 Qf7 29. g4 b6 30. h5 gxh5 31. Qf5+ Qxf5 32. gxf5 Kd7 33. Kg2 Ke7 34. Kg3 Kf6 35. Kf4 Nf7 36. b4 Nh6 37. c4 Nxf5 0-1

[Event "St Kilda East and Caulfield Chess Club RAPID Term 3, 2025"]
[Site "st kilda east, Australia"]
[Date "2025.07.21"]
[Round "2.2"]
[White "Mauncell-Paea, Hyrem"]
[Black "Karboulahanos, Kris"]
[Result "1/2-1/2"]
[TimeControl "13 minutes per game plus 2 seconds from move 1"]
[WhiteElo "815"]
[BlackElo "1147"]

1. d4 d5 2. Nf3 Nf6 3. e3 e6 4. Bd3 Bd6 5. Nbd2 c6 6. c3 Nbd7 7. O-O O-O 8. Re1 e5 9. dxe5 Nxe5 10.
Nxe5 Bxe5 11. Nf3 Bd6 12. b3 Qc7 13. h3 Ne4 14. Bb2 f5 15. c4 Bb4 16. Rf1 Be6 17. Qc2 Be7 18. Bxe4 fxe4 19.
cxd5 exf3 20. dxe6 fxg2 21. Rfd1 Bh4 22. Rd7 Bxf2+ 23. Qxf2 Rxf2 24. Rxc7 Rxb2 25. e7 Kf7 26. Rd1 Re8 27.
Rdd7 Ke6 28. Rxb7 Rxa2 29. Rxa7 Rxa7 30. Rxa7 Rxe7 31. Rxe7+ Kxe7 32. Kxg2 Kd6 33. Kf3 Kc5 34. Ke4 g6 35. Ke5 Kb4 36. Kd6 Kxb3 37. Kxc6 Kc4 38.
Kd6 h5 39. e4 g5 40. e5 g4 41. hxg4 hxg4 42. e6 g3 43.
e7 g2 44. e8=Q g1=Q 45. Qc6+ Kd3 46.
Qb5+ Ke4 47. Qc4+ Qd4+ 48. Qxd4+ Kxd4 1/2-1/2

[Event "St Kilda East and Caulfield Chess Club RAPID Term 3, 2025"]
[Site "st kilda east, Australia"]
[Date "2025.07.21"]
[Round "2.5"]
[White "Yong, Leonard"]
[Black "Wang, Noah"]
[Result "0-1"]
[TimeControl "13 minutes per game plus 2 seconds from move 1"]
[WhiteElo "368"]
[BlackElo "936"]

1. e4 c5 2. Nf3 d6 3. Nc3 Nf6 4. Bb5+ Nbd7 5. O-O a6 6. Bxd7+ Bxd7 7. d3 e6 8. Bg5 Be7 9. Re1 O-O 10. Qd2 Rc8 11.
e5 dxe5 12. Nxe5 h6 13. Bf4 Nh7 14. Re4 Bg5 15. Rae1 Nf6 16. R4e2 Nh7 17. Ne4 Bxf4 18. Qxf4 Bc6 19. Nxc5 Qd5 20.
d4 Qxg2# 0-1

[Event "St Kilda East and Caulfield Chess Club RAPID Term 3, 2025"]
[Site "st kilda east, Australia"]
[Date "2025.07.21"]
[Round "2.1"]
[White "Rosenberger, Oliver"]
[Black "Nakada, Kazu"]
[Result "1-0"]
[TimeControl "13 minutes per game plus 2 seconds from move 1"]
[WhiteElo "1675"]
[BlackElo "802"]

1. d4 d5 2. c4 c6 3. Nc3 Nf6 4. e3 Bf5 5. cxd5 cxd5 6.
Qb3 b6 7. Nf3 e6 8. Bb5+ Nbd7 9.
Ne5 Bd6 10. g4 Bxe5 11. gxf5 Bd6 12. e4 dxe4 13. fxe6 fxe6 14. Bg5 O-O 15. Qxe6+ Rf7 16. Qxd6 a6 17. Bc4 b5 18. Bxf7+ Kxf7 19.
Nd5 h6 20. Bxf6 gxf6 21. Rc1 Rc8 22. Rxc8 Qxc8 23. Qe7+ Kg6 24. Rg1+ Kf5 25. Ne3+ Kf4 26. Qd6+ Ne5 27. Qxf6+ Qf5 28. Qxf5# 1-0

[Event "St Kilda East and Caulfield Chess Club RAPID Term 3, 2025"]
[Site "st kilda east, Australia"]
[Date "2025.07.21"]
[Round "3.4"]
[White "Longe, Mathieu"]
[Black "Mauncell-Paea, Hyrem"]
[Result "1-0"]
[TimeControl "13 minutes per game plus 2 seconds from move 1"]
[WhiteElo "699"]
[BlackElo "815"]

1. e4 e5 2. f4 Nc6 3. Nf3 d6 4. Bb5 Bg4 5. h3 Qh4+ 6. Nxh4 Bxd1 7. Kxd1 O-O-O 8. Bxc6 bxc6 9. fxe5 dxe5 10.
d3 f6 11. Nc3 Bc5 12. Nf5 Rd7 13. Be3 Bb6 14. a4 g6 15. Bxb6 cxb6 16. Ne3 Ne7 17. b4 f5 18. g3 f4 19.
gxf4 exf4 20. Ng4 Rf8 21. Rf1 g5 22. b5 c5 23. Ke2 Re8 24. a5 Kb7 25. axb6 axb6 26. Nf6 Rdd8 27. Nxe8 Rxe8 28. Ra2 Nf5 29. Rfa1 Nd4+ 30. Kf2 Rb8 31. Ra7+ Kc8 32. R1a2 h5 33.
Nd5 g4 34. hxg4 hxg4 35. Nxf4 Nxb5 36. Ra8 Nd4 37. Rxb8+ Kxb8 38. Nd5 Kb7 39. Kg3 Nc6 40. Rb2 Nb4 41. Nxb4 cxb4 42. Rxb4 Kc6 43. Kxg4 1-0

[Event "St Kilda East and Caulfield Chess Club RAPID Term 3, 2025"]
[Site "st kilda east, Australia"]
[Date "2025.07.21"]
[Round "3.3"]
[White "Karboulahanos, Kris"]
[Black "Lopata, Felix"]
[Result "1-0"]
[TimeControl "13 minutes per game plus 2 seconds from move 1"]
[WhiteElo "1147"]
[BlackElo "1088"]

1. e4 e6 2. Nc3 d5 3. exd5 exd5 4.
d4 Nf6 5. Be2 Bd6 6. Nf3 O-O 7. Be3 c6 8. O-O Bg4 9. h3 Bh5 10. Bg5 Nbd7 11. Ne5 Bxe2 12. Qxe2 Be7 13. Nxd7 Qxd7 14. f4 h6 15. Bh4 Rfe8 16.
Qf3 Rad8 17. Rae1 Qf5 18. Re5 Qxc2 19. Rfe1 Qg6 20. Rxe7 Rxe7 21. Rxe7 Rb8 22. f5 Qh7 23. Qg3 Kf8 24.
Qd6 Ra8 25. Bxf6 gxf6 26. Qxf6 Re8 27. Rxb7 Re1+ 28. Kh2 Re8 29. Na4 h5 30. Nc5 h4 31. Ne6+ Kg8 32. Ng5 Qh5 33. Nxf7 Re2 34.
Nh6+ 1-0

[Event "St Kilda East and Caulfield Chess Club RAPID Term 3, 2025"]
[Site "st kilda east, Australia"]
[Date "2025.07.21"]
[Round "3.1"]
[White "Wang, Noah"]
[Black "Rosenberger, Oliver"]
[Result "0-1"]
[TimeControl "13 minutes per game plus 2 seconds from move 1"]
[WhiteElo "936"]
[BlackElo "1675"]

1. e4 d6 2. d4 Nf6 3. Nc3 c6 4. Nf3 Bg4 5. Be2 e6 6. O-O Be7 7. Be3 O-O 8. h3 Bh5 9. Qd2 d5 10.
e5 Nfd7 11. Nh2 Bg6 12. Bd3 c5 13. Bxg6 hxg6 14. Nf3 cxd4 15. Bxd4 Nc6 16. Rfe1 Rb8 17. a3 b5 18. b4 a5 19.
Na2 Nb6 20. c3 Nc4 21. Qc1 Qc7 22. Nd2 Nxd4 23. cxd4 Bg5 24. Rd1 Qa7 25. Qc3 Nxd2 26. Rxd2 Rfc8 27. Qb2 Bxd2 28. Qxd2 Rc4 29. bxa5 Qxd4 30. Qe1 Rbc8 31.
Rc1 Rxc1 32. Nxc1 Qa1 33. Nd3 Qxe1+ 34. Nxe1 Rc1 35. Kf1 Ra1 36. Ke2 Rxa3 37. Nd3 Rxa5 38. Kd2 Ra2+ 39. Kc3 Ra3+ 40. Kd2 Kf8 41. g3 Ke7 42.
f4 Kd7 43. g4 Kc6 44. h4 d4 45. Kc2 Rc3+ 46. Kd2 Kd5 47. Nf2 Rf3 48. Nd3 Rxd3+ 49. Kxd3 b4 50. Ke4+ Kxe5+ 51. Kxd4+ 0-1

[Event "St Kilda East and Caulfield Chess Club RAPID Term 3, 2025"]
[Site "st kilda east, Australia"]
[Date "2025.07.21"]
[Round "3.6"]
[White "Beckman, John"]
[Black "Yong, Leonard"]
[Result "0-1"]
[TimeControl "13 minutes per game plus 2 seconds from move 1"]
[WhiteElo "859"]
[BlackElo "368"]

1. e4 e5 2. Bc4 Nf6 3. Nc3 Bc5 4.
Nf3 d5 5. Nxd5 Nxd5 6. Bxd5 Be6 7. Bxe6 fxe6 8. Nxe5 Qd4 9.
Nd3 Qxe4+ 10. Qe2 Qxg2 11. Qxe6+ Kd8 12. Rf1 Re8 13. Qxe8+ Kxe8 14. Nxc5 Qxh2 15. d4 Nc6 16. Be3 Qd6 17.
O-O-O b6 18. Nb3 Nb4 19. Kb1 Qd5 20. Rfe1 Kd7 21. Bd2 a5 22. Re5 Qc4 23. Bc3 Kd6 24. Rde1 Kc6 25. Re7 a4 26.
Nc1 a3 27. Rxg7 axb2 28. Bxb2 Qxc2+ 29. Ka1 Qd2 30. Ree7 Qd1 31. Rxc7+ Kb5 32. Rg5+ Ka6 33. Rxh7 Nd3 34. Rc7 Nxb2 35.
Kxb2 Qd2+ 36. Rc2 Qxg5 37. Nd3 Qb5+ 38. Kc3 Qc6+ 39. Kd2 Qh6+ 40. f4 Qh2+ 41. Kd1 Qg1+ 42. Ke2 Re8+ 43. Ne5 Qg2+ 44. Kd3 Qf1+ 45. Re2 Qd1+ 46.
Rd2 Qb1+ 47. Ke3 Rc8 48. Nd3 Re8+ 49. Ne5 Rc8 50. Nd3 Qg1+ 51. Nf2 Qe1+ 52. Re2 Re8+ 53. Ne4 Rxe4+ 54. Kxe4 Qxe2+ 55. Kd5 Qe7 56. f5 Qf6 57. Ke4 Kb5 58. d5 Kc5 59. Kf4 Kxd5 60. Kg4 Ke5 61. Kh5 Kxf5 62. a4 Qh8 63. Kh4 0-1

[Event "St Kilda East and Caulfield Chess Club RAPID Term 3, 2025"]
[Site "st kilda east, Australia"]
[Date "2025.07.21"]
[Round "4.5"]
[White "Kovalenko, Kiy"]
[Black "Yong, Leonard"]
[Result "1-0"]
[TimeControl "13 minutes per game plus 2 seconds from move 1"]
[WhiteElo "839"]
[BlackElo "368"]

1. e4 e5 2. Nf3 Nc6 3.
Bc4 Nf6 4. d4 exd4 5. O-O Bc5 6. e5 Ne4 7. Re1 d5 8. exd6 Qxd6 9. Rxe4+ Ne7 10.
Nc3 dxc3 11. Qxd6 Bxd6 12. Bg5 cxb2 13. Rb1 Bf5 14. Rd4 O-O-O 15. Rxb2 Rhf8 16. Rxd6 Rxd6 17. Bxe7 Rd1+ 18. Bf1 Re8 19.
Bc5 Be4 20. Ng5 Bg6 21. Nf3 Red8 22. Nd4 Rd5 23. Bxa7 b6 24. Bxb6 cxb6 25. Rxb6 R5xd4 26. Rc6+ Kd8 27. c4 Bd3 28.
h3 Rxf1+ 29. Kh2 Bxc4 30. a4 Bd5 31. Rd6+ Ke7 32. Ra6 Rxf2 33. h4 Rxh4+ 34. Kg3 Rff4 35. a5 Rhg4+ 36. Kh3 Bxg2+ 37. Kh2 Rf3 38. Ra7+ Kf6 39. a6 Rh3+ 40. Kg1 Rh1+ 41. Kf2 Rf4+ 42. Kxg2 Rh5 43. Ra8 Rg5+ 44.
Kh3 Rg1 45. Rc8 Kg5 46. Kh2 Rgg4 47. a7 Rf6 48. Rc5+ Kf4 49. Rc4+ Kf3 50. Rxg4 Rh6+ 51. Kg1 Ra6 52. Rxg7 Rxa7 53.
Rxh7 Ra1+ 54. Kh2 Kg4 55. Rxf7 Ra2+ 56. Kg1 Kg3 57. Rg7+ Kf3 58. Rf7+ Kg3 59. Rg7+ Kh3 60. Kf1 Ra1+ 61.
Ke2 Ra2+ 62. Kd3 Rg2 63. Rh7 Kg3 64. Ke3 Rf2 65. Rg7 Kh3 66. Kxf2 Kh4 67. Kf3 Kh5 68. Kf4 Kh6 69. Rg1 Kh7 70. Kf5 Kh6 71. Rg2 Kh7 72. Kf6 Kh6 73. Rh2 1-0

[Event "St Kilda East and Caulfield Chess Club RAPID Term 3, 2025"]
[Site "st kilda east, Australia"]
[Date "2025.07.21"]
[Round "4.2"]
[White "Longe, Mathieu"]
[Black "Karboulahanos, Kris"]
[Result "0-1"]
[TimeControl "13 minutes per game plus 2 seconds from move 1"]
[WhiteElo "699"]
[BlackElo "1147"]

1. e4 e6 2. d4 d5 3. exd5 exd5 4. Nf3 Nf6 5. Bg5 Be7 6. c4 c6 7. Nc3 Be6 8. Bxf6 Bxf6 9. cxd5 cxd5 10.
Bb5+ Nc6 11. O-O O-O 12. a3 a6 13.
Ba4 Qb6 14. Bxc6 bxc6 15. Rb1 Rab8 16. Na4 Qc7 17. Nc5 Bf5 18. Nxa6 Qb7 19. Nxb8 Bxb1 20. Qxb1 Qxb8 21. b4 Qa7 22.
Qb3 Bxd4 23. Nxd4 Qxd4 24. a4 Rb8 25. Rb1 c5 26. b5 c4 27. Qb4 Re8 28. b6 Re2 29. Rf1 Rb2 30. Qd6 g6 31.
a5 c3 32. g3 c2 33. Rc1 Qd1+ 34. Kg2 Qxc1 35. Qxd5 Qd1 36. Qa8+ Kg7 37. b7 c1=Q 38. b8=Q Qh1+ 39. Kh3 Qh6+ 40. Kg4 f5# 0-1

[Event "St Kilda East and Caulfield Chess Club RAPID Term 3, 2025"]
[Site "st kilda east, Australia"]
[Date "2025.07.21"]
[Round "4.4"]
[White "Nash, Paul"]
[Black "Wang, Noah"]
[Result "1/2-1/2"]
[TimeControl "13 minutes per game plus 2 seconds from move 1"]
[WhiteElo "730"]
[BlackElo "936"]

1. e4 c5 2. c3 d5 3. exd5 Qxd5 4.
d4 Nc6 5. Nf3 Bg4 6. Be2 Nf6 7. O-O e6 8. Na3 Be7 9. c4 Qd7 10. dxc5 Qxd1 11. Rxd1 Bxc5 12. Nb5 O-O 13. h3 Bh5 14.
Bf4 e5 15. g4 Bxg4 16. hxg4 exf4 17. Ng5 a6 18. Nc7 Rac8 19. Nd5 Nxd5 20. Rxd5 Nd4 21. Kf1 Rfe8 22. Bd3 Ba7 23. Bxh7+ Kh8 24.
Bd3 Re7 25. Kg2 Rce8 26. Rh1+ Kg8 27. Bh7+ Kf8 28. Bd3 Kg8 29. Bh7+ Kf8 30. Bd3 Kg8 31. Bh7+ Kf8 1/2-1/2

[Event "St Kilda East and Caulfield Chess Club RAPID Term 3, 2025"]
[Site "st kilda east, Australia"]
[Date "2025.07.21"]
[Round "4.1"]
[White "Rosenberger, Oliver"]
[Black "Bambridge, Greg"]
[Result "1-0"]
[TimeControl "13 minutes per game plus 2 seconds from move 1"]
[WhiteElo "1675"]
[BlackElo "1081"]

1. d4 Nf6 2. c4 e6 3. Nc3 Bb4 4. f3 Nc6 5. a3 Bxc3+ 6.
bxc3 O-O 7. e3 d6 8. Bd3 e5 9. Ne2 Re8 10. O-O b6 11. e4 Ba6 12. Bg5 h6 13. Bh4 Na5 14. f4 Bxc4 15.
fxe5 dxe5 16. Bxf6 gxf6 17. Ng3 Kh7 18. Nh5 Re6 19. d5 Rd6 20. Bxc4 Nxc4 21. Qe2 b5 22. Rf3 Qe7 23. Raf1 Rg8 24.
Rxf6 Rxf6 25. Nxf6+ Kh8 26. Nxg8 Kxg8 27. Qh5 Kg7 28. Rf3 Nd2 29. Rg3+ Kh7 30. Qf5+ Kh8 31. Qc8+ 1-0